[Event "RUS-ch Men Rapid 2019"]
[Site "Sochi"]
[Date "2019.10.16"]
[Round "11.7"]
[White "Lugovskoy, Maxim"]
[Black "Timofeev, Artyom"]
[Result "0-1"]
[ECO "A45"]
[WhiteElo "2436"]
[BlackElo "2595"]
[Annotator "ChessBase"]
[PlyCount "110"]
[EventDate "2019.10.15"]
[EventType "swiss"]
[EventCountry "RUS"]
[SourceTitle "playchess.com"]
[Source "ChessBase"]
[SourceQuality "1"]
[TimeControl "900+10"]

1. d4 Nf6 2. Nc3 c5 3. d5 e5 4. dxe6 fxe6 5. e4 d5 6. exd5 exd5 7. Bg5 Be7 8. Bb5+ Nc6 9. Bxf6 Bxf6 10. Nxd5 Bxb2 11. Rb1 Bd4 12. Qe2+ Kf8 13. Qf3+ Bf6 14. Bxc6 bxc6 15. Nxf6 Qxf6 16. Rd1 Be6 17. Qe3 Bxa2 18. Qxc5+ Qe7+ 19. Qxe7+ Kxe7 20. Nf3 Bd5 21. O-O Bxf3 22. gxf3 Rhd8 23. Rfe1+ Kf6 24. Ra1 a5 25. Re4 Rd5 26. Rc4 Ra6 27. Raa4 Ke6 28. Rh4 h6 29. Rhe4+ Re5 30. Red4 Rc5 31. c4 Rb6 32. Ra1 Rb4 33. Re4+ Kf5 34. Re7 Rbxc4 35. Kg2 Kf6 36. Ra7 Rg5+ 37. Kf1 Rcc5 38. h4 Rgf5 39. Kg2 Rc3 40. R1xa5 Rcxf3 41. Ra2 R3f4 42. Rc7 Rxh4 43. Rxc6+ Kg5 44. Ra3 Rg4+ 45. Rg3 Rff4 46. Rc5+ Kg6 47. f3 Rxg3+ 48. Kxg3 Rf5 49. Rc7 Ra5 50. f4 Ra3+ 51. Kg4 h5+ 52. Kh4 Rf3 53. Rc6+ Kf5 54. Rc5+ Kxf4 55. Rf5+ Kxf5 0-1

[Event "RUS-ch Men Rapid 2019"]
[Site "Sochi"]
[Date "2019.10.16"]
[Round "11.8"]
[White "Faizrakhmanov, Ramil"]
[Black "Moiseenko, Vadim"]
[Result "0-1"]
[ECO "A46"]
[WhiteElo "2434"]
[BlackElo "2532"]
[Annotator "ChessBase"]
[PlyCount "76"]
[EventDate "2019.10.15"]
[EventType "swiss"]
[EventCountry "RUS"]
[SourceTitle "playchess.com"]
[Source "ChessBase"]
[SourceQuality "1"]
[TimeControl "900+10"]

1. d4 Nf6 2. Nf3 c5 3. e3 e6 4. Bd3 d5 5. c4 dxc4 6. Bxc4 a6 7. dxc5 Qxd1+ 8. Kxd1 Bxc5 9. Ke2 Nc6 10. Nbd2 b5 11. Bd3 Bb7 12. Nb3 Bd6 13. Bd2 Nb4 14. Bb1 Bd5 15. Bxb4 Bxb4 16. Rc1 O-O 17. Bd3 Rfe8 18. a3 Bf8 19. Na5 e5 20. Ne1 Bd6 21. Bc2 Rac8 22. Bf5 Rc7 23. Nf3 g6 24. Bh3 Ne4 25. Ne1 f5 26. Rd1 Nf6 27. Rd2 Rd7 28. Rad1 Bc7 29. b4 Ne4 30. Rc2 Bxa5 31. bxa5 Bc4+ 32. Rxc4 Rxd1 33. Rxe4 Rxe1+ 34. Kxe1 fxe4 35. Bg4 Rd8 36. Be2 Kf8 37. a4 bxa4 38. Bxa6 Rd5 0-1

[Event "RUS-ch Men Rapid 2019"]
[Site "Sochi"]
[Date "2019.10.16"]
[Round "11.9"]
[White "Ulybin, Mikhail"]
[Black "Sakaev, Konstantin"]
[Result "1/2-1/2"]
[ECO "B50"]
[WhiteElo "2455"]
[BlackElo "2595"]
[Annotator "ChessBase"]
[PlyCount "36"]
[EventDate "2019.10.15"]
[EventType "swiss"]
[EventCountry "RUS"]
[SourceTitle "playchess.com"]
[Source "ChessBase"]
[SourceQuality "1"]
[TimeControl "900+10"]

1. e4 c5 2. Nf3 d6 3. Bc4 Nf6 4. d3 g6 5. c3 Bg7 6. O-O O-O 7. h3 Nc6 8. Bb3 b5 9. Re1 b4 10. d4 bxc3 11. Nxc3 cxd4 12. Nxd4 Nxd4 13. Qxd4 Nd7 14. Qe3 Nc5 15. Bc4 Be6 16. Bxe6 fxe6 17. Qe2 Rb8 18. Be3 Qa5 1/2-1/2

[Event "RUS-ch Men Rapid 2019"]
[Site "Sochi"]
[Date "2019.10.16"]
[Round "11.10"]
[White "Triapishko, Alexandr"]
[Black "Glek, Igor"]
[Result "1-0"]
[ECO "A05"]
[WhiteElo "2514"]
[BlackElo "2467"]
[Annotator "RC"]
[PlyCount "121"]
[EventDate "2019.10.15"]
[EventType "swiss"]
[EventCountry "RUS"]
[SourceTitle "playchess.com"]
[Source "ChessBase"]
[SourceQuality "1"]
[TimeControl "900+10"]

1. Nf3 Nf6 2. g3 g6 3. b3 Bg7 4. Bb2 d6 5. d4 c5 6. Bg2 cxd4 7. Nxd4 d5 8. O-O O-O 9. c4 dxc4 10. bxc4 Qb6 11. Qb3 Nfd7 12. e3 Nc6 13. Nc3 Na5 14. Qc2 Nxc4 15. Nd5 Qxb2 16. Nxe7+ Kh8 17. Qxc4 Qa3 18. Nxc8 Raxc8 19. Qb3 Qa5 20. Qxb7 Nc5 21. Qd5 Qd8 22. Rac1 Qxd5 23. Bxd5 f5 24. Nb5 Nd3 25. Rxc8 Rxc8 26. Rd1 a6 27. Nd6 Rc1 28. Rxc1 Nxc1 29. Nf7+ Kg8 30. Kf1 Bc3 31. Bc4 Kg7 32. Ng5 a5 33. a4 h6 34. Ne6+ Kf6 35. Nf4 Bd2 36. h3 g5 37. Nd5+ Ke5 38. Ne7 Kf6 39. Nc6 h5 40. Kg2 Bc3 41. h4 gxh4 42. gxh4 Bd2 43. Kf3 Be1 44. Nd4 Ke5 45. Ne6 Kd6 46. Ng7 Kc5 47. Bb5 Na2 48. Nxf5 Nc3 49. Be8 Kb4 50. Nd4 Bd2 51. Bxh5 Kxa4 52. Be8+ Kb4 53. h5 Nd5 54. h6 Nf6 55. Bg6 a4 56. h7 Nxh7 57. Bxh7 a3 58. Bg8 Kc3 59. Ke2 Bc1 60. Kd1 Kb2 61. Nb5 1-0

[Event "RUS-ch Men Rapid 2019"]
[Site "Sochi"]
[Date "2019.10.16"]
[Round "11.11"]
[White "Savchenko, Boris"]
[Black "Tekeyev, Zaur"]
[Result "1/2-1/2"]
[ECO "B32"]
[WhiteElo "2581"]
[BlackElo "2384"]
[Annotator "ChessBase"]
[PlyCount "92"]
[EventDate "2019.10.15"]
[EventType "swiss"]
[EventCountry "RUS"]
[SourceTitle "playchess.com"]
[Source "ChessBase"]
[SourceQuality "1"]
[TimeControl "900+10"]

1. e4 c5 2. Nf3 Nc6 3. d4 cxd4 4. Nxd4 e5 5. Nb5 d6 6. N1c3 a6 7. Na3 Be7 8. Nc4 b5 9. Ne3 Nf6 10. Bd3 O-O 11. O-O Rb8 12. a3 Nd4 13. h3 Ne6 14. Nf5 Nc5 15. Nxe7+ Qxe7 16. Bg5 Bb7 17. Qf3 Ncd7 18. Qg3 Qe6 19. Rae1 Kh8 20. Qh4 h6 21. Be3 Nh7 22. f4 exf4 23. Qxf4 Ne5 24. Ne2 Rbe8 25. Bd4 d5 26. Ng3 Nxd3 27. cxd3 dxe4 28. Nf5 f6 29. Nd6 Qd5 30. Bc3 exd3 31. Nxb7 Qxb7 32. Rxe8 Rxe8 33. Qd6 Qe7 34. Qxd3 Ng5 35. Qg6 Ne4 36. Re1 Qc5+ 37. Kh2 Qd6+ 38. Kg1 Qc5+ 39. Kh2 Qd6+ 40. Kg1 Qc5+ 41. Kh2 Qd6+ 42. Kg1 Qc5+ 43. Kh2 Qd6+ 44. Kg1 Qc5+ 45. Kh2 Qd6+ 46. Kg1 Qe6 1/2-1/2

[Event "RUS-ch Men Rapid 2019"]
[Site "Sochi"]
[Date "2019.10.16"]
[Round "11.14"]
[White "Bryakin, Mikhail"]
[Black "Grachev, Boris"]
[Result "0-1"]
[ECO "A50"]
[WhiteElo "2440"]
[BlackElo "2621"]
[Annotator "RC"]
[PlyCount "82"]
[EventDate "2019.10.15"]
[EventType "swiss"]
[EventCountry "RUS"]
[SourceTitle "playchess.com"]
[Source "ChessBase"]
[SourceQuality "1"]
[TimeControl "900+10"]

1. d4 Nf6 2. c4 b6 3. Nc3 Bb7 4. d5 e6 5. e4 Bb4 6. Bd3 exd5 7. exd5 O-O 8. Nge2 c6 9. O-O h6 10. a3 Bxc3 11. Nxc3 cxd5 12. cxd5 Na6 13. Bc4 Rc8 14. Ba2 Nc5 15. Bf4 Ba6 16. Bd6 Bxf1 17. Bxf8 Qxf8 18. Qxf1 Nce4 19. Nxe4 Nxe4 20. Qd3 Re8 21. Rc1 Qd6 22. g3 Qf6 23. Rc2 Nc5 24. Qc3 Qxc3 25. bxc3 Re1+ 26. Kg2 Kf8 27. Kf3 g5 28. h4 gxh4 29. gxh4 Re4 30. Re2 Rxh4 31. d6 Ne6 32. Bd5 Rh3+ 33. Ke4 Rxc3 34. f4 Rxa3 35. Ke5 Ra5 36. Rd2 Rc5 37. f5 Ng7 38. f6 Ne8 39. Rb2 Nxf6 40. Kxf6 Rxd5 41. Rxb6 Rf5+ 0-1

[Event "RUS-ch Men Rapid 2019"]
[Site "Sochi"]
[Date "2019.10.16"]
[Round "11.15"]
[White "Pogromsky, Mikhail"]
[Black "Yudin, Sergei"]
[Result "0-1"]
[ECO "A04"]
[WhiteElo "2411"]
[BlackElo "2497"]
[Annotator "ChessBase"]
[PlyCount "65"]
[EventDate "2019.10.15"]
[EventType "swiss"]
[EventCountry "RUS"]
[SourceTitle "playchess.com"]
[Source "ChessBase"]
[SourceQuality "1"]
[TimeControl "900+10"]

1. Nf3 e6 2. b3 d5 3. Bb2 Nf6 4. c4 c5 5. cxd5 exd5 6. g3 Nc6 7. Bg2 d4 8. O-O Be7 9. Na3 O-O 10. Nc4 Be6 11. e3 Rc8 12. Nfe5 Nxe5 13. Nxe5 dxe3 14. dxe3 Qc7 15. Qc2 Nd5 16. Rad1 Rfd8 17. Nc4 b5 18. Ne5 c4 19. bxc4 bxc4 20. Bd4 Qa5 21. Be4 g6 22. Qe2 c3 23. Rc1 Ba3 24. Rc2 Bb2 25. Ng4 Bxg4 26. Qxg4 Nb4 27. Qh4 Rxd4 28. exd4 Nxc2 29. Bxc2 Qxa2 30. Qg4 Rd8 31. Rd1 Ba3 32. Qe4 Qc4 33. Qe5 0-1

[Event "RUS-ch Men Rapid 2019"]
[Site "Sochi"]
[Date "2019.10.16"]
[Round "11.17"]
[White "Kabanov, Nikolai"]
[Black "Papin, Vasily"]
[Result "0-1"]
[ECO "B23"]
[WhiteElo "2455"]
[BlackElo "2481"]
[Annotator "ChessBase"]
[PlyCount "52"]
[EventDate "2019.10.15"]
[EventType "swiss"]
[EventCountry "RUS"]
[SourceTitle "playchess.com"]
[Source "ChessBase"]
[SourceQuality "1"]
[TimeControl "900+10"]

1. e4 c5 2. Nc3 a6 3. f4 b5 4. Nf3 Bb7 5. d3 e6 6. g3 d5 7. Bg2 h5 8. exd5 exd5 9. O-O Nf6 10. Re1+ Be7 11. Qe2 Nc6 12. Ne5 Nd4 13. Qf2 Qc7 14. Nd1 h4 15. g4 h3 16. Bh1 Kf8 17. Ne3 Nxg4 18. N3xg4 Bh4 19. Qd2 Bxe1 20. Qxe1 Nxc2 21. Qc3 Nxa1 22. Be3 d4 23. Bxd4 Bxh1 24. Nd7+ Ke7 25. Nxc5 Qxf4 26. Ne3 Rh6 0-1

[Event "RUS-ch Men Rapid 2019"]
[Site "Sochi"]
[Date "2019.10.16"]
[Round "11.18"]
[White "Ivlev, Aleksey"]
[Black "Gutenev, Alexander"]
[Result "1/2-1/2"]
[ECO "A47"]
[WhiteElo "2292"]
[BlackElo "2469"]
[Annotator "ChessBase"]
[PlyCount "97"]
[EventDate "2019.10.15"]
[EventType "swiss"]
[EventCountry "RUS"]
[SourceTitle "playchess.com"]
[Source "ChessBase"]
[SourceQuality "1"]
[TimeControl "900+10"]

1. d4 Nf6 2. Nf3 b6 3. g3 Bb7 4. Bg2 g6 5. O-O Bg7 6. c4 O-O 7. Nc3 Ne4 8. Bd2 e6 9. Rc1 d6 10. d5 Nxd2 11. Qxd2 e5 12. b4 Nd7 13. e4 a5 14. a3 h6 15. Ne1 f5 16. Nd3 Nf6 17. f4 axb4 18. axb4 fxe4 19. Nxe4 Qe7 20. fxe5 dxe5 21. Nxf6+ Rxf6 22. Rxf6 Qxf6 23. Rf1 Qg5 24. Qxg5 hxg5 25. Be4 Ra3 26. c5 Rc3 27. Rc1 Rxc1+ 28. Nxc1 bxc5 29. bxc5 Bf8 30. Nd3 Ba6 31. d6 cxd6 32. c6 d5 33. Bxd5+ Kg7 34. Nxe5 Bd6 35. Nc4 Bc7 36. Kg2 Kf6 37. Ne3 Ke5 38. Bf3 Kd6 39. Be4 Bb5 40. Kf3 Bd8 41. Bxg6 Bxc6+ 42. Be4 Bd7 43. g4 Ke5 44. Ba8 Be6 45. Bb7 Bb6 46. h3 Bc5 47. Be4 Bb6 48. Bf5 Bxe3 49. Bxe6 1/2-1/2

[Event "RUS-ch Men Rapid 2019"]
[Site "Sochi"]
[Date "2019.10.16"]
[Round "11.19"]
[White "Samusenko, Maksim"]
[Black "Drygalov, Andrey"]
[Result "1/2-1/2"]
[ECO "B93"]
[WhiteElo "2445"]
[BlackElo "2484"]
[Annotator "ChessBase"]
[PlyCount "99"]
[EventDate "2019.10.15"]
[EventType "swiss"]
[EventCountry "RUS"]
[SourceTitle "playchess.com"]
[Source "ChessBase"]
[SourceQuality "1"]
[TimeControl "900+10"]

1. e4 c5 2. Nf3 d6 3. d4 cxd4 4. Nxd4 Nf6 5. Nc3 a6 6. f4 e5 7. Nf3 Nbd7 8. Bd3 Qc7 9. O-O Be7 10. Kh1 Nc5 11. Qe1 Nxd3 12. cxd3 exf4 13. Bxf4 Be6 14. Rc1 Qb6 15. Qe2 O-O 16. Be3 Qd8 17. Nd4 Rc8 18. Nf5 Bxf5 19. Rxf5 b5 20. a3 g6 21. Rff1 Nh5 22. Qd2 Qd7 23. Bh6 Rfe8 24. Nd5 Rxc1 25. Qxc1 Bd8 26. Bg5 f6 27. Bh4 g5 28. Be1 Rf8 29. Ne3 Ng7 30. Nf5 Nxf5 31. Rxf5 Be7 32. Bc3 Qe6 33. Qd1 h6 34. Qg4 Qf7 35. h3 Kh7 36. Rf3 Qg6 37. h4 gxh4 38. Qxh4 Qg5 39. Qf2 Rg8 40. Bd2 Qg4 41. Rh3 Rg6 42. Rh4 Qd1+ 43. Kh2 d5 44. e5 f5 45. Rh3 Qg4 46. Bf4 Bg5 47. Bxg5 Qxg5 48. d4 Qg4 49. Rf3 Rg5 50. Rh3 1/2-1/2

[Event "RUS-ch Men Rapid 2019"]
[Site "Sochi"]
[Date "2019.10.16"]
[Round "11.20"]
[White "Derjabin, Ilja"]
[Black "Belozerov, Andrei"]
[Result "0-1"]
[ECO "D00"]
[WhiteElo "2333"]
[BlackElo "2515"]
[Annotator "ChessBase"]
[PlyCount "68"]
[EventDate "2019.10.15"]
[EventType "swiss"]
[EventCountry "RUS"]
[SourceTitle "playchess.com"]
[Source "ChessBase"]
[SourceQuality "1"]
[TimeControl "900+10"]

1. d4 d5 2. Nc3 Bf5 3. g3 e6 4. Bg2 Nf6 5. Bg5 Be7 6. Nf3 h6 7. Bf4 O-O 8. O-O c5 9. dxc5 Bxc5 10. Na4 Be7 11. Nd4 Be4 12. b3 Nbd7 13. Be3 Rc8 14. f3 Bh7 15. Bh3 a6 16. c4 Nc5 17. Nxc5 Bxc5 18. Bf2 dxc4 19. bxc4 Qb6 20. e3 Qc7 21. Qb3 Bxd4 22. exd4 Qxc4 23. Qxb7 Nd5 24. Qb3 Qc6 25. Rfe1 Bc2 26. Qa3 Qc3 27. Qxc3 Rxc3 28. f4 Rfc8 29. Bg2 Bf5 30. Bf1 Ra3 31. h3 Rc2 32. g4 Bd3 33. Rab1 Bxf1 34. Rxf1 Nxf4 0-1

[Event "RUS-ch Men Rapid 2019"]
[Site "Sochi"]
[Date "2019.10.16"]
[Round "11.22"]
[White "Potapov, Pavel"]
[Black "Shubin, Kirill"]
[Result "1-0"]
[ECO "C18"]
[WhiteElo "2489"]
[BlackElo "2416"]
[Annotator "ChessBase"]
[PlyCount "107"]
[EventDate "2019.10.15"]
[EventType "swiss"]
[EventCountry "RUS"]
[SourceTitle "playchess.com"]
[Source "ChessBase"]
[SourceQuality "1"]
[TimeControl "900+10"]

1. e4 e6 2. d4 d5 3. Nc3 Bb4 4. e5 c5 5. a3 Bxc3+ 6. bxc3 Qa5 7. Bd2 Qa4 8. Qg4 Kf8 9. Qd1 b6 10. Nf3 Ba6 11. h4 Bxf1 12. Kxf1 Nc6 13. h5 h6 14. Rh4 Nge7 15. Kg1 cxd4 16. cxd4 Rc8 17. Bb4 Kg8 18. Rf4 a5 19. Bd6 Nf5 20. Rb1 Nxd6 21. exd6 Qxa3 22. d7 Rb8 23. Ne5 Nxe5 24. dxe5 Qe7 25. c4 Qxd7 26. Rd4 Rd8 27. cxd5 exd5 28. Rxb6 Qf5 29. Rd6 Rb8 30. g4 Qb1 31. R6xd5 Qxd1+ 32. Rxd1 Ra8 33. Ra1 a4 34. Rd4 Ra5 35. Re4 a3 36. Re3 Ra4 37. f3 Kh7 38. Raxa3 Rxa3 39. Rxa3 Re8 40. Ra5 f6 41. f4 Kg8 42. Kf2 Kf7 43. Kf3 fxe5 44. fxe5 Rb8 45. Kf4 Rb1 46. Ra7+ Ke6 47. Rxg7 Rf1+ 48. Ke4 Re1+ 49. Kf3 Rf1+ 50. Kg2 Rf4 51. Kg3 Kxe5 52. Re7+ Kd6 53. Kxf4 Kxe7 54. Ke4 1-0

[Event "RUS-ch Men Rapid 2019"]
[Site "Sochi"]
[Date "2019.10.16"]
[Round "11.23"]
[White "Smagin, Sergey"]
[Black "Gaydym, Arseniy"]
[Result "1-0"]
[ECO "B22"]
[WhiteElo "2551"]
[BlackElo "2139"]
[Annotator "ChessBase"]
[PlyCount "28"]
[EventDate "2019.10.15"]
[EventType "swiss"]
[EventCountry "RUS"]
[SourceTitle "playchess.com"]
[Source "ChessBase"]
[SourceQuality "1"]
[TimeControl "900+10"]

1. e4 c5 2. c3 d5 3. exd5 Qxd5 4. d4 e6 5. Nf3 Nf6 6. Na3 Qd8 7. Bf4 cxd4 8. Nxd4 Bxa3 9. Qa4+ Nbd7 10. Qxa3 Nd5 11. Bg3 Ne7 12. Nb5 Nb6 13. Nc7+ Kf8 14. Nxa8 Nxa8 1-0

[Event "RUS-ch Men Rapid 2019"]
[Site "Sochi"]
[Date "2019.10.16"]
[Round "11.26"]
[White "Gogolev, Artem"]
[Black "Popov, Valerij"]
[Result "1/2-1/2"]
[ECO "E03"]
[WhiteElo "2328"]
[BlackElo "2535"]
[Annotator "ChessBase"]
[PlyCount "57"]
[EventDate "2019.10.15"]
[EventType "swiss"]
[EventCountry "RUS"]
[SourceTitle "playchess.com"]
[Source "ChessBase"]
[SourceQuality "1"]
[TimeControl "900+10"]

1. d4 Nf6 2. c4 e6 3. g3 d5 4. Bg2 dxc4 5. Qa4+ Nbd7 6. Qxc4 c5 7. Nf3 a6 8. Qc2 Ra7 9. Bg5 b5 10. O-O Bb7 11. dxc5 Bxc5 12. Bxf6 gxf6 13. Rd1 Qb6 14. e3 Ba8 15. a4 O-O 16. axb5 Qxb5 17. Nc3 Qb8 18. Ra4 Rc8 19. Rda1 Bb4 20. Rxa6 Rxa6 21. Rxa6 Bb7 22. Ra1 Nc5 23. Qe2 Nb3 24. Rd1 Bxc3 25. bxc3 Rxc3 26. Nd4 Bxg2 27. Kxg2 Nxd4 28. Rxd4 Qa8+ 29. Qf3 1/2-1/2

[Event "RUS-ch Men Rapid 2019"]
[Site "Sochi"]
[Date "2019.10.16"]
[Round "11.27"]
[White "Yeritsyan, Aram"]
[Black "Yuffa, Daniil"]
[Result "0-1"]
[ECO "B54"]
[WhiteElo "2271"]
[BlackElo "2577"]
[Annotator "ChessBase"]
[PlyCount "72"]
[EventDate "2019.10.15"]
[EventType "swiss"]
[EventCountry "RUS"]
[SourceTitle "playchess.com"]
[Source "ChessBase"]
[SourceQuality "1"]
[TimeControl "900+10"]

1. e4 c5 2. Nf3 d6 3. d4 cxd4 4. Nxd4 Nf6 5. f3 e5 6. Nb3 Be7 7. c4 a5 8. Be3 O-O 9. Nc3 a4 10. Nc1 a3 11. b3 Nc6 12. Qd2 Qa5 13. Nd5 Nxd5 14. Qxa5 Rxa5 15. cxd5 Nd4 16. Kd2 f5 17. Bd3 fxe4 18. fxe4 Bg4 19. Rf1 Rxf1 20. Bxf1 Rc5 21. Bd3 Bd8 22. b4 Rc8 23. Nb3 Bb6 24. Na5 Rb8 25. Nc4 Bc7 26. Nxa3 Ra8 27. Nc2 Bb6 28. Nxd4 exd4 29. Bf4 Rf8 30. Bg3 Bd8 31. Be2 Bd7 32. a4 Bf6 33. Kd3 Rc8 34. Be1 Ra8 35. a5 Bb5+ 36. Kd2 Bxe2 0-1

[Event "RUS-ch Men Rapid 2019"]
[Site "Sochi"]
[Date "2019.10.16"]
[Round "11.31"]
[White "Volovich, Vasily"]
[Black "Apryshko, Gleb"]
[Result "1-0"]
[ECO "B06"]
[WhiteElo "2120"]
[BlackElo "2382"]
[Annotator "NA"]
[PlyCount "43"]
[EventDate "2019.10.15"]
[EventType "swiss"]
[EventCountry "RUS"]
[SourceTitle "playchess.com"]
[Source "ChessBase"]
[SourceQuality "1"]
[TimeControl "900+10"]

1. e4 g6 2. d4 Bg7 3. Nc3 a6 4. a4 d6 5. h4 Nf6 6. Be2 c5 7. d5 h5 8. Nf3 Nbd7 9. O-O b6 10. Bf4 Ng4 11. Ng5 Nge5 12. Bg3 Nf8 13. Qd2 Bg4 14. f4 Bxe2 15. Qxe2 Ng4 16. e5 f6 17. Nf3 Nh6 18. exd6 Qxd6 19. Ne4 Qxd5 20. Rad1 Qe6 21. Rfe1 Kf7 22. Neg5+ 1-0

[Event "RUS-ch Men Rapid 2019"]
[Site "Sochi"]
[Date "2019.10.16"]
[Round "11.32"]
[White "Savitskiy, Sergey"]
[Black "Gubsky, Egor"]
[Result "1-0"]
[ECO "B30"]
[WhiteElo "2407"]
[BlackElo "2339"]
[Annotator "NA"]
[PlyCount "91"]
[EventDate "2019.10.15"]
[EventType "swiss"]
[EventCountry "RUS"]
[SourceTitle "playchess.com"]
[Source "ChessBase"]
[SourceQuality "1"]
[TimeControl "900+10"]

1. e4 c5 2. Nf3 Nc6 3. Bb5 e6 4. O-O Nge7 5. Re1 a6 6. Bf1 d5 7. exd5 Nxd5 8. d4 Nf6 9. dxc5 Qxd1 10. Rxd1 Bxc5 11. Nc3 Bd7 12. Bf4 O-O-O 13. Ng5 e5 14. Bg3 Rhf8 15. Bc4 Be8 16. Rxd8+ Kxd8 17. Rd1+ Kc8 18. Nce4 Nxe4 19. Nxe4 Be7 20. Nd6+ Bxd6 21. Rxd6 Kc7 22. Rd1 f6 23. f4 Bf7 24. Bd3 Rd8 25. Re1 Bxa2 26. fxe5 Nxe5 27. Bxh7 Be6 28. Bxe5+ fxe5 29. Rxe5 Rd1+ 30. Kf2 Rd2+ 31. Ke3 Rd6 32. Rg5 Rd7 33. Bd3 Kd6 34. h4 Rf7 35. Rg6 Ke5 36. Rxe6+ Kxe6 37. Bc4+ Ke7 38. Bxf7 Kxf7 39. g4 Kg6 40. Ke4 Kf6 41. Kd5 a5 42. c4 a4 43. c5 Ke7 44. Ke5 Kd7 45. h5 Kc6 46. g5 1-0